 Dungeon Crawl Stone Soup version 0.19-a0-19-gf75ed07 (webtiles) character file.

2106 M4edhros the Martial Artist (level 9, -28/62 HPs)
             Began as a Vampire Monk on Apr 30, 2016.
             Was a High Priest of Okawaru.
             Annihilated by a hill giant
             ... wielding a +0 giant club
              (39 damage)
             ... on level 11 of the Dungeon.
             The game lasted 00:12:26 (1804 turns).

M4edhros the Martial Artist (Vampire Monk)          Turns: 1804, Time: 00:12:27

Health: -28/62     AC:  6    Str: 13    XL:     9   Next: 7%
Magic:  9/9        EV: 13    Int: 14    God:    Okawaru [*****.]
Gold:   182        SH:  0    Dex: 17    Spells: 0 memorised, 8 levels left

rFire  . . .     SeeInvis +       - Unarmed
rCold  . . .     Gourm    .     b - +2 leather armour {rN+}
rNeg   + . .     Faith    .     (no shield)
rPois  .         Spirit   .     c - +0 helmet
rElec  .         Dismiss  .     (no cloak)
rCorr  .         Reflect  .     (no gloves)
SustAt .         Harm     .     (no boots)
MR     +....                    q - amulet of rage
Stlth  ++........               (no ring)
                                u - ring of protection from magic

@: exhausted, regenerating quickly, slowed, very slow, somewhat resistant to
hostile enchantments, unstealthy
A: fangs 3, see invisible, clever 1, unbreathing
a: Heroism, Finesse, Renounce Religion, Evoke Berserk Rage


You were on level 11 of the Dungeon.
You worshipped Okawaru.
Okawaru was extremely pleased with you.
You were very full.

You visited 2 branches of the dungeon, and saw 12 of its levels.

You collected 182 gold pieces.

Inventory:

Hand Weapons
 d - a +2 dagger of venom
 n - a +0 blowgun
 x - a +2 dagger of speed
Armour
 a - a +0 robe
 b - a +2 leather armour of positive energy (worn)
 c - a +0 helmet (worn)
Magical Staves
 t - an uncursed staff of cold
Jewellery
 q - an amulet of rage (around neck)
 s - an uncursed amulet of harm
 u - a ring of protection from magic (left hand)
Wands
 i - a wand of paralysis (2/24)
 r - a wand of digging (18/24)
 v - a wand of flame (29/48)
Scrolls
 e - 2 scrolls of recharging {unknown}
 f - 2 scrolls of remove curse
 h - a scroll of immolation {unknown}
 j - a scroll of magic mapping
 l - a scroll of amnesia
 m - 2 scrolls of identify
 p - 2 scrolls of teleportation {unknown}
 w - a scroll of enchant armour {unknown}
Potions
 g - 2 potions of degeneration
 o - 13 potions of blood
Books
 k - a Fen Folio

   Spells                             Type                      Level
   a - Corpse Rot                     Necromancy                   2
   b - Stone Arrow                    Conjuration/Earth            3
   c - Leda's Liquefaction            Hexes/Earth                  4
   d - Summon Forest                  Summoning/Translocation      5
   e - Hydra Form                     Transmutation                6
   f - Summon Hydra                   Summoning                    7


   Skills:
 - Level 2.6 Fighting
 - Level 3.2 Dodging
 - Level 3.0 Stealth
 + Level 13.2 Unarmed Combat


You had 8 spell levels left.
You didn't know any spells.

Dungeon Overview and Level Annotations

Branches:
Dungeon (11/15)            Temple (1/1) D:4            Lair (0/8) D:11
    Orc: D:9-12

Altars:
Ashenzari
Dithmenos
Gozag
Kikubaaqudgha
Makhleb
Nemelex Xobeh
Okawaru
Sif Muna
Trog
Xom
Zin

Shops:
D:9 :


Innate Abilities, Weirdness & Mutations

Your natural rate of healing is unusually fast.
You have razor-sharp teeth.
You have supernaturally acute eyesight.
You can survive without breathing.
Your mind is acute. (Int +2)


Message History

Press: ? - help, Shift-Dir - straight line, f/p - hill giant
Aim: a hill giant, wielding a giant club (chance to defeat MR: 28%)
The hill giant easily resists.
This wand has 3 charges left.
The hill giant hits you with a giant club!!
* * * LOW HITPOINT WARNING * * *
The crimson imp blinks!
Evoke which item? (* to show all) (? for menu, Esc to quit)
Okay, then.
Drink which item? (? for menu, Esc to quit)
Okay, then.
Read which item? (? for menu, Esc to quit)
Okay, then.
Evoke which item? (* to show all) (? for menu, Esc to quit)
Zapping:
i - a wand of paralysis (3/24)
Press: ? - help, Shift-Dir - straight line, f/p - hill giant
Aim: a hill giant, wielding a giant club (chance to defeat MR: 28%)
The hill giant easily resists.
This wand has 2 charges left.
The hill giant hits you with a giant club!!!
Ouch! That really hurt!
You die...

**#..#...#
#..>......,,,,,,*
,....#...#
#.########*******
#.##.##.## #.# #.*#,*#.#
#.# #,**,**.#**#.#
*,*,,,,,,,,#.#####
*,*****,**,#.....# *,*
*,**,#####)#
*,*****,,,,* #@#
*,,,,,,,*******#C#******
******,,,,,,,*,...,,,,,*
* *,,,,,,,*.....,,,,* *
*,,,,,,,#..(...,,,* *
*,,,,,,,#.......,,*
*,,,,,,,#........,*
*,,,,,,,+.......5.*
*,,,,,,,*,,,,,,,,,*


You could see a hill giant and a crimson imp.

Vanquished Creatures
  A hill giant (D:11)
  A centaur skeleton (D:10)
  A troll (D:10)
  A two-headed ogre (D:11)
  A wyvern (D:10)
  A phantom (D:4)
  2 centaurs
  A howler monkey (D:9)
  3 crimson imps
  A jelly (D:9)
  3 hounds
  4 orc priests
  2 orc wizards
  A worker ant (D:4)
  A worker ant zombie (D:7)
  2 adders
  3 worms
  A dart slug (D:2)
  2 giant geckos
  9 orcs
  A ball python (D:4)
  4 giant cockroaches
  3 goblins
  A hobgoblin (D:3)
  3 jackals (D:8)
  2 quokkas
  A bat (D:3)
  2 giant gecko skeletons
  4 giant newts
  4 kobolds
  2 rats
68 creatures vanquished.

Vanquished Creatures (others)
  An orc (D:4)
1 creature vanquished.

Grand Total: 69 creatures vanquished

Notes
Turn   | Place    | Note
--------------------------------------------------------------
     0 | D:1      | M4edhros the Vampire Monk began the quest for the Orb.
     0 | D:1      | Reached XP level 1. HP: 17/17 MP: 1/1
   189 | D:1      | Reached XP level 2. HP: 23/23 MP: 2/2
   211 | D:1      | Reached skill level 5 in Unarmed Combat
   331 | D:3      | Reached XP level 3. HP: 28/28 MP: 3/3
   573 | D:5      | Entered Level 5 of the Dungeon
   592 | D:5      | Reached skill level 6 in Unarmed Combat
   592 | D:5      | Reached XP level 4. HP: 28/34 MP: 4/4
   655 | D:4      | Found a staircase to the Ecumenical Temple.
   688 | D:4      | Reached skill level 7 in Unarmed Combat
   688 | D:4      | Reached XP level 5. HP: 29/39 MP: 5/5
   736 | Temple   | Entered the Ecumenical Temple
   765 | Temple   | Became a worshipper of Warmaster Okawaru
   765 | Temple   | Reached * piety under Okawaru
   765 | Temple   | Reached ** piety under Okawaru
   791 | D:4      | Noticed a phantom
   817 | D:4      | Killed a phantom
   845 | D:3      | Found a shadowy altar of Dithmenos.
   930 | D:4      | Reached skill level 8 in Unarmed Combat
   930 | D:4      | Reached XP level 6. HP: 45/46 MP: 6/6
  1038 | D:5      | Gained mutation: Your mind is acute. (Int +2) [potion of beneficial mutation]
  1193 | D:5      | Reached skill level 9 in Unarmed Combat
  1325 | D:7      | Reached XP level 7. HP: 44/51 MP: 7/7
  1547 | D:9      | Found Zisa's Book Shop.
  1593 | D:9      | Reached *** piety under Okawaru
  1593 | D:9      | Reached skill level 10 in Unarmed Combat
  1639 | D:9      | Found a sparkling altar of Nemelex Xobeh.
  1643 | D:9      | Found a glowing silver altar of Zin.
  1658 | D:10     | Entered Level 10 of the Dungeon
  1662 | D:10     | Noticed a wyvern
  1677 | D:10     | Killed a wyvern
  1707 | D:10     | Noticed a troll
  1723 | D:10     | Reached **** piety under Okawaru
  1723 | D:10     | Reached skill level 11 in Unarmed Combat
  1723 | D:10     | Reached XP level 8. HP: 50/57 MP: 8/8
  1729 | D:10     | Killed a troll
  1729 | D:10     | Reached skill level 12 in Unarmed Combat
  1769 | D:11     | Noticed a hill giant
  1780 | D:11     | Killed a hill giant
  1780 | D:11     | Reached ***** piety under Okawaru
  1780 | D:11     | Reached skill level 13 in Unarmed Combat
  1783 | D:11     | Noticed a hill giant
  1791 | D:11     | Noticed a two-headed ogre
  1798 | D:11     | Killed a two-headed ogre
  1798 | D:11     | Received a gift from Okawaru
  1798 | D:11     | Reached XP level 9. HP: 37/62 MP: 9/9
  1804 | D:11     | Annihilated by a hill giant

Vault maps used:
D:1:      nicolae_arrival_memento_mori
D:2:      ecumenical_altar_2, first_bread
D:3:      overflow_temple_1_default, trog_hazing_becter
D:4:      temple_green
D:5:      uniq_pikel, uniq_sigmund
D:6:      fedhas_altar_fruit_tree, yredelemnul_forgotten_temple_becter,
          kennysheep_mini, uniq_edmund
D:7:      nicolae_ru_great_annihilating_truth, grunt_pakellas_mercury,
          uniq_duvessa
D:9:      grunt_temple_overflow_open, orc_david_3, serial_shops,
          kennysheep_little_box, uniq_grum
D:10:     uniq_erica
D:11:     cheibrodos_magma_flow, lair_0_dummy
Temple:   minmay_temple_bridge_a_8

Skill      XL: |  1  2  3  4  5  6  7  8 |
---------------+-------------------------+-----
Unarmed Combat | 5 6 7 8 9 11 13 | 13.2
Fighting       | |  2.6
Dodging        | |  3.2
Stealth        | |  3.0

Action                   |  1- 3 |  4- 6 |  7- 9 || total
-------------------------+-------+-------+-------++-------
Melee: Unarmed           |    89 |   155 |    94 ||   338
       Bite              |     4 |    14 |     5 ||    23
       Punch             |     1 |     3 |     6 ||    10
Invok: Heroism           |       |       |     1 ||     1
 Abil: Evoke Berserk Rag |       |       |     1 ||     1
Evoke: Wand              |       |       |    11 ||    11
  Use: Potion            |     9 |    12 |     6 ||    27
       Scroll            |       |       |     5 ||     5
 Stab: Invisible         |     1 |     1 |       ||     2
       Sleeping          |     5 |     2 |     1 ||     8
       Paralysed         |       |       |     9 ||     9
Armor: Robe              |    13 |     2 |       ||    15
       Skin              |       |     8 |     5 ||    13
       Leather armour    |       |    36 |    22 ||    58
Dodge: Dodged            |    54 |    90 |    38 ||   182
